 Dungeon Crawl Stone Soup version 0.17-a0-2127-g1cb09f6 (webtiles) character file.

8602 admarant the Spear-Bearer (level 11, -3/154 HPs)
             Began as a Minotaur Berserker on Oct 22, 2015.
             Was an Elder of Trog.
             Slain by a fire dragon (7 damage)
             ... on level 2 of the Lair of Beasts.
             The game lasted 00:32:18 (10570 turns).

admarant the Spear-Bearer (Minotaur Berserker)     Turns: 10570, Time: 00:32:18

Health: -3/154     AC: 14    Str: 31    XL:     11   Next: 12%
Magic:  10/10      EV: 11    Int:  4    God:    Trog [****..]
Gold:   480        SH:  6    Dex: 11    Spells: 0 memorised, 10 levels left

rFire  . . .     SeeInvis .     q - +1 spear (pierce)
rCold  . . .     Clarity  .     B - +5 ring mail of Misanthropy {Str+2}
rNeg   . . .     SustAt   .     t - +1 buckler
rPois  +         Gourm    .     (helmet restricted)
rElec  .         Spirit   .     (no cloak)
rCorr  .         Warding  .     e - +0 pair of gloves
rMut   .         Stasis   .     v - +0 pair of boots
MR     ++...                    (no amulet)
Stlth  ..........               C - ring of poison resistance
                                w - ring of stealth

@: berserking, regenerating, very quick, very resistant to hostile enchantments,
extremely unstealthy
A: retaliatory headbutt, horns 2
a: Berserk, Trog's Hand, Brothers in Arms, Burn Spellbooks, Renounce Religion


You were on level 2 of the Lair of Beasts.
You worshipped Trog.
Trog was greatly pleased with you.
You were hungry.

You visited 3 branches of the dungeon, and saw 13 of its levels.

You collected 480 gold pieces.

Inventory:

Hand Weapons
 q - a +1 spear of piercing (weapon)
Missiles
 l - 4 javelins (quivered)
Armour
 e - a +0 pair of gloves (worn)
 t - a +1 buckler (worn)
 v - a +0 pair of boots (worn)
 B - the +5 ring mail of Misanthropy (worn) {Str+2}
   (You found it on level 6 of the Dungeon)

   It affects your strength (+2).
Jewellery
 h - an uncursed ring of see invisible
 p - an uncursed ring of ice
 w - a ring of stealth (left hand)
 C - a ring of poison resistance (right hand)
Wands
 x - a wand of draining (6)
 y - a wand of frost (33)
Scrolls
 j - a scroll of remove curse
 m - 2 scrolls of magic mapping
 n - 3 scrolls of recharging
 s - a scroll of teleportation
 u - a scroll of identify
Potions
 a - a potion of haste
 b - a potion of might
 d - 3 potions of curing
 g - a potion of lignification {unknown}
 k - 3 potions of mutation {unknown}
 o - 3 potions of poison {unknown}
 r - a potion of berserk rage
 A - a potion of flight
Comestibles
 c - 7 bread rations
 f - a slice of pizza
 i - 16 fruits
 z - 2 chunks of flesh


   Skills:
 * Level 11.6 Fighting
 * Level 11.8 Polearms
 + Level 6.4 Throwing
 + Level 8.9 Armour
 - Level 2.1 Dodging
 + Level 6.0 Shields


You had 10 spell levels left.
You didn't know any spells.

Dungeon Overview and Level Annotations

Branches:
Dungeon (9/15)             Temple (1/1) D:4            Lair (3/8) D:8
  Swamp: Lair:3-6    Shoals: Lair:3-6     Snake: Lair:3-6    Spider: Lair:3-6
    Orc: D:9-12

Altars:
Ashenzari
Cheibriados
Dithmenos
Elyvilon
Fedhas
Gozag
Kikubaaqudgha
Makhleb
Nemelex Xobeh
Okawaru
Qazlal
Ru
Sif Muna
Trog
Vehumet
Xom
Yredelemnul
Zin
The Shining One


Innate Abilities, Weirdness & Mutations

You reflexively headbutt those who attack you in melee.
You have a pair of horns on your head.


Message History

* * * LOW HITPOINT WARNING * * *
You stumble backwards!
You puncture the fire dragon!
The fire dragon is heavily wounded.
You hit the fire dragon but do no damage.
You headbutt the fire dragon.
The fire dragon is heavily wounded.
You hit the fire dragon but do no damage.
You headbutt the fire dragon.
The fire dragon is severely wounded.
The fire dragon bites you but does no damage.
The fire dragon claws you.
* * * LOW HITPOINT WARNING * * *
The fire dragon misses you.
You puncture the fire dragon! Your headbutt misses the fire dragon.
The fire dragon is severely wounded.
You barely miss the fire dragon. You headbutt the fire dragon!
The fire dragon is almost dead.
The fire dragon closely misses you. The fire dragon claws you!
You die...

############
?....≈§§§..###
[?....§§§§...##
:$$..§§§......###
#$$≈≈≈≈...D@....#####
#≈≈≈§§≈.............######
##≈≈§§........#####......#
##≈§≈.......## ######.##
#≈≈≈≈...#### #..#
######### ##.# ####.#
#....# #.####


You could see a fire dragon.

Vanquished Creatures
  A hydra (Lair:1)
  Pikel (D:5)
  An elephant (D:8)
  Joseph (D:8)
  4 spiny frogs (Lair:1)
  Prince Ribbit (D:6)
  A hungry ghost (D:7)
  3 hippogriffs
  The ghost of ProzacElf the Magician, an amateur DrWz (D:6)
  8 wolves
  5 yaks
  A water moccasin (Lair:1)
  An orc warrior (D:6)
  2 porcupines (Lair:1)
  2 sky beasts
  An ice beast (D:5)
  A necrophage (D:8)
  4 slaves (D:5)
  2 centaurs
  5 ogres
  2 crocodiles
  Blork the orc (D:6)
  2 giant frogs
  7 scorpions
  2 orc wizards
  A giant frog zombie (D:6)
  A quasit (D:9)
  3 orc priests
  2 giant frog skeletons
  5 hounds
  2 jellies
  6 worker ants
  3 iguanas (Lair:1)
  2 sheep (D:8)
  A hound zombie (D:7)
  8 adders
  6 gnolls
  5 river rats (Lair:1)
  3 oozes
  5 adder skeletons
  2 worms
  2 giant geckos
  18 orcs
  14 bats
  7 giant cockroaches
  10 hobgoblins
  3 jackals (D:2)
  6 kobolds
  3 quokkas
  A giant cockroach zombie (D:5)
  A giant gecko zombie (D:3)
  A giant newt (D:7)
  11 goblins
  A jackal skeleton (D:4)
  A quokka zombie (D:4)
  5 rats
  3 fungi (D:4)
202 creatures vanquished.

Vanquished Creatures (others)
  A worker ant (D:4)
  An adder (D:4)
  A giant gecko (D:4)
  2 orcs (D:4)
  2 fungi (D:4)
  2 plants (Lair:1)
9 creatures vanquished.

Grand Total: 211 creatures vanquished

Notes
Turn   | Place    | Note
--------------------------------------------------------------
     0 | D:1      | admarant the Minotaur Berserker began the quest for the Orb.
     0 | D:1      | Reached XP level 1. HP: 19/19 MP: 0/0
   202 | D:1      | Reached skill level 4 in Polearms
   340 | D:1      | Reached XP level 2. HP: 27/27 MP: 1/1
  1035 | D:2      | Reached ** piety under Trog
  1035 | D:2      | Reached XP level 3. HP: 33/33 MP: 2/2
  1394 | D:3      | Found an iron altar of Okawaru.
  1507 | D:3      | Found a shadowy altar of Dithmenos.
  1615 | D:3      | Reached XP level 4. HP: 41/41 MP: 3/3
  2122 | D:3      | Found a deep blue altar of Sif Muna.
  2153 | D:3      | Found a sparkling altar of Nemelex Xobeh.
  2165 | D:3      | Found a glowing golden altar of the Shining One.
  2189 | D:3      | Found a white marble altar of Elyvilon.
  2357 | D:4      | Noticed a scorpion
  2378 | D:4      | Killed a scorpion
  2378 | D:4      | Reached skill level 5 in Fighting
  2378 | D:4      | Reached skill level 5 in Polearms
  2378 | D:4      | Reached skill level 1 in Throwing
  2378 | D:4      | Reached XP level 5. HP: 14/48 MP: 4/4
  2638 | D:4      | Found a sacrificial altar of Ru.
  2993 | D:4      | Found a staircase to the Ecumenical Temple.
  3010 | D:4      | Reached *** piety under Trog
  3017 | D:4      | Reached XP level 6. HP: 56/56 MP: 5/5
  3030 | Temple   | Entered the Ecumenical Temple
  3298 | D:4      | Noticed a scorpion
  3298 | D:4      | Noticed a scorpion
  3306 | D:4      | Killed a scorpion
  3330 | D:4      | Killed a scorpion
  3330 | D:4      | Reached skill level 6 in Fighting
  3343 | D:4      | Noticed a scorpion
  3367 | D:4      | Killed a scorpion
  3522 | D:4      | Noticed a scorpion
  3543 | D:4      | Killed a scorpion
  3543 | D:4      | Reached XP level 7. HP: 57/64 MP: 6/6
  3673 | D:4      | Found a shimmering altar of Xom.
  3882 | D:5      | Entered Level 5 of the Dungeon
  4353 | D:6      | Noticed Prince Ribbit
  4407 | D:5      | Reached skill level 7 in Fighting
  4407 | D:5      | Reached skill level 5 in Armour
  4753 | D:5      | Reached XP level 8. HP: 56/73 MP: 4/7
  4837 | D:5      | Noticed Pikel
  4863 | D:5      | Killed Pikel
  4863 | D:5      | Reached skill level 8 in Fighting
  5653 | D:6      | Noticed ProzacElf's ghost (amateur DrWz)
  5690 | D:6      | Killed ProzacElf's ghost
  5690 | D:6      | Reached skill level 1 in Shields
  5953 | D:6      | Noticed Blork the orc
  5962 | D:6      | Killed Blork the orc
  5962 | D:6      | Reached XP level 9. HP: 76/82 MP: 8/8
  5988 | D:6      | Reached **** piety under Trog
  5988 | D:6      | Reached skill level 9 in Polearms
  6647 | D:6      | Killed Prince Ribbit
  6814 | D:6      | Got a slimy ring mail
  6825 | D:6      | Identified the +5 ring mail of Misanthropy {Str+2} (You found it on level 6 of the Dungeon)
  7412 | D:7      | Found a stormy altar of Qazlal.
  7884 | D:8      | Found a staircase to the Lair.
  7886 | D:8      | Noticed an elephant
  7909 | D:8      | Killed an elephant
  7909 | D:8      | Reached skill level 10 in Polearms
  7909 | D:8      | Reached skill level 5 in Throwing
  8229 | D:8      | Reached skill level 10 in Fighting
  8345 | D:8      | Noticed Joseph
  8358 | D:8      | Killed Joseph
  8358 | D:8      | Reached XP level 10. HP: 70/93 MP: 9/9
  8935 | Lair:1   | Entered Level 1 of the Lair of Beasts
  9490 | Lair:1   | Reached skill level 5 in Shields
  9499 | Lair:1   | Reached skill level 11 in Polearms
  9702 | Lair:1   | Noticed a five-headed hydra
  9719 | Lair:1   | Killed a five-headed hydra
 10279 | Lair:2   | Reached XP level 11. HP: 95/102 MP: 10/10
 10530 | Lair:2   | Noticed a fire dragon
 10568 | Lair:2   | HP: 3/154 [fire dragon (6)]
 10570 | Lair:2   | Slain by a fire dragon

Vault maps used:
D:1:      dpeg_arrival_boxorama
D:3:      lemuel_round_altar, nicolae_overflow_quartered_altars,
          grunt_dithmenos_smoke_and_mirrors
D:4:      old_forge, nicolae_overflow_crystal_walls, xom_confusion_cloud,
          minmay_temple_entry_overgrown, first_bread
D:5:      uniq_pikel
D:6:      uniq_prince_ribbit1, uniq_blork_the_orc
D:7:      overflow_temple_1_default
D:8:      wad_bat_island, david_lair_generic, uniq_joseph, uniq_maurice
D:9:      hangedman_ranch
Temple:   bh_familiar_temple
Lair:1:   hangedman_lair_unloving_vines, st_stairs_9,
          grunt_forest_small_clearings, beast_lair_carwin_5,
          serial_bayou_shore_b
Lair:2:   dragon1_lemuel, lemuel_fruit_fields
Lair:3:   spider_nest_entry_a, grunt_megastairs_2, infiniplex_staircase_pool_2,
          uniq_fannar

Action                   |  1- 3 |  4- 6 |  7- 9 | 10-12 || total
-------------------------+-------+-------+-------+-------++-------
Melee: Spear             |   119 |   204 |   431 |   243 ||   997
Throw: Javelin           |       |       |       |     2 ||     2
Invok: Berserk           |       |       |       |     1 ||     1
       Trog's Hand       |       |       |       |     1 ||     1
  Use: Scroll            |     6 |     4 |     8 |     2 ||    20
       Potion            |     1 |       |     7 |     1 ||     9
 Stab: Invisible         |       |       |     1 |       ||     1
       Sleeping          |       |       |       |     2 ||     2
  Eat: Chunk             |     2 |       |     5 |     1 ||     8
       Meat ration       |       |     1 |     4 |       ||     5
       Beef jerky        |       |     1 |       |       ||     1
       Pizza             |       |       |       |     2 ||     2
